 Dungeon Crawl Stone Soup version 0.30-a0-972-gf3ab3527aa (webtiles) character file.

Game seed: 8881413878039241251

545 Firecrotchwizard the Magician (level 7, -2/54 HPs)
             Began as a Djinni Conjurer on Apr 1, 2023.
             Slain by an orc warrior
             ... wielding a +0 long sword
              (8 damage)
             ... on level 4 of the Dungeon.
             The game lasted 00:11:16 (3756 turns).

Firecrotchwizard the Magician (Djinni Conjurer)     Turns: 3756, Time: 00:11:16

Health: -2/54      AC:  8    Str:  6    XL:     7   Next: 53%
Gold:   147        EV: 12    Int: 22    God:
                   SH:  0    Dex: 11

rFire   + + .      SeeInvis .    r - +2 dagger (venom) {short}
rCold   x . .      Faith    .    (no shield)
rNeg    . . .      Spirit   .    a - +0 robe
rPois   ∞          Reflect  .    O - +0 helmet
rElec   .          Rampage  .    (no cloak)
rCorr   .                        i - +0 pair of gloves
Will    .....                    (boots unavailable)
Stlth   ++                       (no amulet)
HPRegen 0.29/turn                e - ring of wizardry
MPRegen 0.00/turn                x - +4 ring of protection

@: flying
A: sickness immunity, fire resistance 2, cold vulnerability 1, float, innate
caster, HP casting, extra vitality 1
a: no special abilities


You were on level 4 of the Dungeon.
You visited 1 branch of the dungeon, and saw 4 of its levels.
You also visited: Sewer.

You collected 147 gold pieces.


Innate Abilities, Weirdness & Mutations

You are immune to sickness and miasma.
You are immune to poison.
Your flesh is very heat resistant. (rF++)
You are vulnerable to cold. (rC-)
You float through the air rather than walking.
You learn spells naturally, not from books.
Your magical power is your life essence.
You have superior vitality. (+4 MHP)


   Skills:
 * Level 5.0 Fighting
 + Level 2.3 Dodging
 + Level 1.7 Stealth
 * Level 5.1 Spellcasting


You knew the following spells:

 Your Spells              Type           Power      Damage    Failure   Level
a - Magic Dart            Conj           100%       1d8       1%          1
b - Searing Ray           Conj           56%        2d6       1%          2
c - Dazzling Flash        Conj/Hex       56%        N/A       1%          3
d - Fulminant Prism       Conj/Hex       14%        3d8       4%          4
e - Iskenderun's Mystic   Conj/Tloc      28%        2d7       4%          4
f - Kiss of Death         Conj/Necr      100%       2d13      1%          1
g - Scorch                Fire           56%        2d7       1%          2
h - Mephitic Cloud        Conj/Pois/Air  28%        N/A       1%          3
Your spell library was empty.

Inventory:

Hand Weapons
 r - a +2 dagger of venom (weapon) {short}
   (You took it off a kobold on level 1 of the Dungeon)
 y - a +3 dagger of flaming {short}
   (You took it off Jessica on level 3 of the Dungeon)
Missiles
 h - 6 poisoned darts {throwing}
 m - 48 stones {throwing}
 q - 4 javelins {throwing}
Armour
 a - a +0 robe (worn)
 i - a +0 pair of gloves (worn)
   (You found it on level 1 of the Dungeon)
 H - a +0 leather armour
   (You found it on level 4 of the Dungeon)
 M - a +0 leather armour
   (You took it off Duvessa on level 4 of the Dungeon)
 N - a +0 robe
   (You took it off Dowan on level 4 of the Dungeon)
 O - a +0 helmet (worn)
   (You found it on level 4 of the Dungeon)
Jewellery
 e - a ring of wizardry (left hand)
   (You found it on level 1 of the Dungeon)
 x - a +4 ring of protection (right hand)
   (You found it on level 2 of the Dungeon)
Scrolls
 b - a scroll of butterflies {unknown}
 c - 2 scrolls of fear {unknown}
 d - a scroll of immolation {unknown}
 f - 2 scrolls of teleportation {unknown}
 g - 9 scrolls of identify {unknown}
 o - 2 scrolls of enchant weapon {unknown}
 p - 2 scrolls of vulnerability {unknown}
 s - a scroll of poison {unknown}
 J - 3 scrolls of fog {unknown}
 K - a scroll of blinking {unknown}
 L - a scroll of enchant armour {unknown}
Potions
 j - a potion of heal wounds {unknown}
 k - 2 potions of magic {unknown}
 l - a potion of mutation {unknown}
 n - 2 potions of degeneration {unknown}
 v - a potion of ambrosia {unknown}
 z - a potion of cancellation {unknown}
 B - 3 potions of brilliance {unknown}
 G - a potion of curing {unknown}
 I - a potion of might {unknown}

Dungeon Overview and Level Annotations

Branches:
Dungeon (4/15) Zot: 20787   Sewer (visited)
 Temple: D:4-7

Altars:
Makhleb

Shops:
D:3 (

Annotations:
D:2 1 runed translucent door, Crazy Yiuf
D:4 Grinder

#......#..#######....#~~
#......'..#⌠....#....'##
......#..#8....'..##...
..#'###..#⌠....#)..##..
####+#######...)..##'#'##...##..
...........#......#..#.8#.......
........[..#......##.#.8#...)...
...........#......#######.......
....#...o..##..@...........###..
..##.##....##oo..##...###...##..
..#...#....#.......#........#...
.#..#..#...)..*....#........#...
..#...#....#.......#........#...
..##.##....#.......#........####
....#...5..#.......#........#...
...........#.......#........'...
..........#####...#........#...


You could see Grinder, an orc warrior (ally target), an orc and a friendly
fulminant prism.


Message History

Your fulminant prism crackles loudly.
Grinder blinks!
The blast of energy engulfs Grinder!!
The blast of energy engulfs you but does no damage.
You hear a shout!
Grinder gestures at you. Pain shoots through your body!
You can move again. 😮 HP[-4]
You take 4 damage, and now have 39/54 hp.
Casting: Fulminant Prism (dangerous; 4% risk of failure)
Confirm with . or Enter, or press ? or * to list all spells.
Aiming: Fulminant Prism (dangerous; 4% risk of failure)
Press: ? - help, Dir - move target You conjure a prism of explosive energy!
A fulminant prism comes into view. 😮 HP[-3]
You take 3 damage, and now have 36/54 hp.
Grinder blinks!
Your fulminant prism crackles loudly.
Casting: Fulminant Prism (dangerous; 4% risk of failure)
Confirm with . or Enter, or press ? or * to list all spells.
Aiming: Fulminant Prism (dangerous; 4% risk of failure)
Press: ? - help, Dir - move target You conjure a prism of explosive energy!
A fulminant prism comes into view.
The blast of energy engulfs your fulminant prism!! 😮 HP[-4]
You take 4 damage, and now have 32/54 hp.
Casting: Fulminant Prism (dangerous; 4% risk of failure)
Confirm with . or Enter, or press ? or * to list all spells.
Aiming: Fulminant Prism (dangerous; 4% risk of failure)
Press: ? - help, Dir - move target You conjure a prism of explosive energy!
A fulminant prism comes into view.
Grinder blinks! 😮 HP[-4]
You take 4 damage, and now have 28/54 hp.
An orc warrior comes into view. It is wielding a +0 long sword.
Your fulminant prism crackles loudly. 😮 HP[+1]
Okay, then.
Casting: Fulminant Prism (dangerous; 4% risk of failure)
Confirm with . or Enter, or press ? or * to list all spells.
Aiming: Fulminant Prism (dangerous; 4% risk of failure)
Press: ? - help, Dir - move target You conjure a prism of explosive energy!
* * * LOW HITPOINT WARNING * * *
A fulminant prism comes into view.
Grinder says, "FISH!" 😨 HP[-3]
You take 3 damage, and now have 26/54 hp.
Your fulminant prism crackles loudly.
An orc comes into view. It is wielding a +0 mace.
The blast of energy engulfs the orc warrior!
Casting: Fulminant Prism (dangerous; 4% risk of failure)
Confirm with . or Enter, or press ? or * to list all spells.
Aiming: Fulminant Prism (dangerous; 4% risk of failure)
Press: ? - help, Dir - move target You conjure a prism of explosive energy!
* * * LOW HITPOINT WARNING * * *
A fulminant prism comes into view. 😨 HP[-4]
You take 4 damage, and now have 22/54 hp.
Grinder blinks!
Your fulminant prism crackles loudly. 😨 HP[+1]
The blast of energy engulfs the orc warrior.
Grinder blinks!
The orc warrior hits you but does no damage. 😨 HP[+1]
The orc warrior attacks as you move away!
The orc warrior hits you with a +0 long sword!
* * * LOW HITPOINT WARNING * * *
😨 HP[-9]
You take 9 damage, and now have 15/54 hp.
There is an open door, spattered with blood here.
Things that are here:
a +0 club {mace}; a +0 whip {mace} The orc warrior attacks as you move away!
The orc warrior barely misses you.
The orc warrior attacks as you move away!
The orc warrior closely misses you. 😨 HP[+1]
Casting: Fulminant Prism (dangerous; 4% risk of failure)
Confirm with . or Enter, or press ? or * to list all spells.
Aiming: Fulminant Prism (dangerous; 4% risk of failure)
Press: ? - help, Dir - move target You conjure a prism of explosive energy!
* * * LOW HITPOINT WARNING * * *
A fulminant prism comes into view. 😱 HP[-4]
You take 4 damage, and now have 12/54 hp.
The orc warrior attacks as you move away!
The orc warrior hits you with a +0 long sword!
* * * LOW HITPOINT WARNING * * *
Your fulminant prism crackles loudly. 😱 HP[-7]
You take 7 damage, and now have 5/54 hp.
The orc warrior hits you with a +0 long sword!
You die...

Skill      XL: |  1  2  3  4  5  6  7 |
---------------+----------------------+-----
Fighting       | 1 2 3 4 5 |  5.0
Spellcasting   | 4 5 |  5.1
Dodging        | |  2.3
Stealth        | |  1.7

Action                     |  1- 3 |  4- 6 |  7- 9 || total
---------------------------+-------+-------+-------++-------
  Melee: Dagger            |       |    31 |       ||    31
   Cast: Magic Dart        |    61 |    96 |    17 ||   174
         Searing Ray       |     4 |    12 |     1 ||    17
         Fulminant Prism   |       |     6 |    13 ||    19
   Stab: Sleeping          |       |     1 |       ||     1
 Armour: Robe              |     1 |    11 |     3 ||    15
  Dodge: Dodged            |     5 |    41 |     4 ||    50

Levels and vault maps discovered:
D:1:      dpeg_arrival_refuge, layout_loops_ring, nrook_loot_triangle,
          st_stairs_2
D:2:      minmay_spotlight, layout_basic, nicolae_ecumenical_pavilion,
          minmay_heptomino_o4, uniq_crazy_yiuf_cottage
D:3:      layout_loops_ring, lightli_temple_of_fire, serial_shops, shop_statue,
          uniq_jessica
D:4:      dreamdust_elfheim, layout_gridville, gup_sewer_entry_bowl,
          kennysheep_generic_room_2, uniq_blork_the_orc, uniq_grinder,
          uniq_menkaure

Notes
Turn   | Place    | Note
-------+----------+-------------------------------------------
     0 | D:1      | Firecrotchwizard the Djinni Conjurer began the quest for
                  | the Orb.
     0 | D:1      | Firecrotchwizard set off with the following spells
                  | memorised: Magic Dart, Searing Ray, Dazzling Flash,
                  | Fulminant Prism, Iskenderun's Mystic Blast.
     0 | D:1      | Reached XP level 1. HP: 15/15 MP: 0/0
     0 | D:1      | magus.rc [v1.9.6]
    68 | D:1      | Reached XP level 2. HP: 14/22 MP: 0/0
    72 | D:1      | Reached skill level 1 in Fighting
   419 | D:1      | Reached XP level 3. HP: 24/27 MP: 0/0
   419 | D:1      | Learned a level 1 spell: Kiss of Death
   981 | D:2      | Reached skill level 2 in Fighting
   990 | D:2      | Reached XP level 4. HP: 22/33 MP: 0/0
  1361 | D:2      | Reached skill level 4 in Spellcasting
  1361 | D:2      | Reached XP level 5. HP: 33/40 MP: 0/0
  1361 | D:2      | Learned a level 2 spell: Scorch
  1408 | D:2      | Found a faded altar of an unknown god.
  1548 | D:2      | Found a runed translucent door.
  1549 | D:2      | Noticed Crazy Yiuf
  1740 | D:3      | Reached skill level 3 in Fighting
  2092 | D:3      | Noticed Jessica
  2095 | D:3      | Killed Jessica
  2099 | D:3      | Found Podghih's Weapon Shoppe.
  2342 | D:3      | Found a burning altar of Makhleb.
  2629 | D:4      | Reached XP level 6. HP: 42/47 MP: 0/0
  2710 | D:4      | Found a glowing drain.
  2714 | Sewer    | Entered a sewer
  2916 | Sewer    | Reached skill level 4 in Fighting
  3272 | D:4      | Noticed Duvessa
  3272 | D:4      | Noticed Dowan
  3277 | D:4      | Killed Dowan
  3283 | D:4      | HP: 12/48 [Duvessa/+1 short sword of protection (4)]
  3287 | D:4      | Killed Duvessa
  3288 | D:4      | Reached skill level 5 in Spellcasting
  3288 | D:4      | Reached XP level 7. HP: 5/53 MP: 0/0
  3288 | D:4      | Learned a level 3 spell: Mephitic Cloud
  3502 | D:4      | Noticed Blork the orc
  3513 | D:4      | Killed Blork the orc
  3514 | D:4      | Reached skill level 5 in Fighting
  3721 | D:4      | Noticed Grinder
  3725 | D:4      | Paralysed by Grinder for 3 turns
  3732 | D:4      | Paralysed by Grinder for 3 turns
  3755 | D:4      | HP: 5/54 [orc warrior/+0 long sword (7)]
  3756 | D:4      | Slain by an orc warrior

Vanquished Creatures
  Duvessa (D:4)
  Blork the orc (D:4)
  Dowan (D:4)
  A hound (D:4)
  Jessica (D:3)
  An iguana (D:4)
  7 adders
  3 gnolls (D:2)
  4 river rats (Sewer)
  2 worms
  4 dart slugs
  7 orcs
  9 endoplasms
  3 giant cockroaches
  5 hobgoblins
  3 jackals (D:2)
  7 quokkas
  8 ball pythons
  6 bats
  11 frilled lizards
  6 goblins
  10 kobolds
  10 rats
  A fulminant prism (D:4)
112 creatures vanquished.

Vanquished Creatures (others)
  17 fulminant prisms
17 creatures vanquished.

Grand Total: 129 creatures vanquished

Table legend:
 A = Non-vault XP
 B = Vault XP
 C = Vault XP percentage of total XP
 D = Non-vault monster count
 E = Vault monster count
 F = Vault count percentage of total count
                 A         B        C        D         E       F
            +---------+---------+-------+---------+---------+-------
      Total |     302 |     477 |  61.2 |      73 |      38 |  34.2
            +---------+---------+-------+---------+---------+-------
        D:1 |      41 |       4 |   8.9 |      23 |       3 |  11.5
        D:2 |      96 |      13 |  11.9 |      22 |       6 |  21.4
        D:3 |      54 |      37 |  40.7 |      18 |       1 |   5.3
        D:4 |     111 |     317 |  74.1 |      10 |       7 |  41.2
      Sewer |       0 |     106 | 100.0 |       0 |      21 | 100.0
            +---------+---------+-------+---------+---------+-------

Illustrated notes

Table legend:
 A = Kills in this place as a percentage of kills in the entire game.
 B = Kills by you in this place as a percentage of kills by you in the entire game.
 C = Kills by friends in this place as a percentage of kills by friends in the entire game.
 D = Other kills in this place as a percentage of other kills in the entire game.
 E = Experience gained in this place as a percentage of experience gained in the entire game.
 F = Experience gained in this place divided by the number of levels of this place that you have seen.
                   A       B       C       D       E      F
               +-------+-------+-------+-------+-------+----------------------
         Total | 100.0 | 100.0 |   N/A |   N/A | 100.0 | 155.8
       Dungeon |  81.1 |  81.1 |   N/A |   N/A |  86.4 | 168.2
         Sewer |  18.9 |  18.9 |   N/A |   N/A |  13.6 | 106.0
               +-------+-------+-------+-------+-------+----------------------

Table legend: (Time is in decaauts)
 A = Elapsed time spent in this place.
 B = Non-inter-level travel time spent in this place.
 C = Inter-level travel time spent in this place.
 D = Time resting spent in this place.
 E = Time spent auto-exploring this place.
 F = Levels seen in this place.
 G = Mean time per level.
                   A        B        C        D        E       F      G
               +--------+--------+--------+--------+--------+-----+--------+
         Total |   3754 |   3689 |     65 |    594 |   2571 |   5 |  750.8 |
       Dungeon |   3211 |   3146 |     65 |    497 |   2237 |   4 |  802.8 |
         Sewer |    542 |    542 |      0 |     97 |    334 |   1 |  542.0 |
               +--------+--------+--------+--------+--------+-----+--------+

Top non-repeatable levels by time:
     D:1: 942 daAuts
     D:3: 811 daAuts
     D:2: 793 daAuts
     D:4: 665 daAuts
   Sewer: 542 daAuts
